3AAA
ELLENBURG FIGHTING DACHSUNDS @ MILTON DOGFISH HEAD
08/30/2041
 
TOP OF THE 1ST
Ellenburg Fighting Dachsunds batting - Pitching for Milton Dogfish Head : RHP Javier Guillén
Pitching: RHP Javier Guillén
Batting: RHB Sze Qi 0-0: Ball
1-0: Called Strike
1-1: Called Strike
1-2: Ground out 5-3 (Groundball, 56, EV 80.0 MPH)
Batting: LHB Snow Wang 0-0: Foul Ball, location: 2F
0-1: Ball
1-1: Foul Ball, location: 2F
1-2: Ball
2-2: Ball
3-2: Foul Ball, location: 2F
3-2: Strikes out looking
Batting: RHB Emílio Agramónte 0-0: Called Strike
0-1: Foul Ball, location: 2F
0-2: Ball
1-2: Strikes out swinging
Top of the 1st over - 0 runs, 0 hits, 0 errors, 0 left on base; Ellenburg 0 - Milton 0
BOTTOM OF THE 1ST
Milton Dogfish Head batting - Pitching for Ellenburg Fighting Dachsunds : RHP Lester Roadley
Pitching: RHP Lester Roadley
Batting: RHB William Penn 0-0: Ball
1-0: Fly out, F3 (Popup, 3SF, EV 73.1 MPH)
Batting: RHB Arnie Taylor 0-0: Foul Ball, location: 2F
0-1: Called Strike
0-2: Ball
1-2: Ground out 4-3 (Groundball, 4, EV 89.4 MPH)
Batting: RHB Colton Pennington 0-0: Ball
1-0: Called Strike
1-1: Called Strike
1-2: Ball
2-2: Ball
3-2: Base on Balls
Batting: LHB Roderick Bonden 0-0: Swinging Strike
0-1: Ball
1-1: Ball
2-1: Called Strike
2-2: DOUBLE (Line Drive, 7LM, EV 104.4 MPH)
Colton Pennington to third
Batting: RHB Bobby Norris 0-0: Foul Ball, location: 2F
0-1: Fly out, F8 (Flyball, 8RS, EV 86.2 MPH)
Bottom of the 1st over - 0 runs, 1 hit, 0 errors, 2 left on base; Ellenburg 0 - Milton 0
TOP OF THE 2ND
Ellenburg Fighting Dachsunds batting - Pitching for Milton Dogfish Head : RHP Javier Guillén
Batting: RHB Jesse Garrett 0-0: Ball
1-0: Swinging Strike
1-1: Ball
2-1: Foul Ball, location: 2F
2-2: Ball
3-2: Ground out 5-3 (Groundball, 56, EV 88.8 MPH)
Batting: LHB Chet Clifton 0-0: Ball
1-0: Foul Ball, location: 2F
1-1: Ball
2-1: Ball
3-1: Called Strike
3-2: Foul Ball, location: 2F
3-2: Strikes out swinging
Batting: RHB Jorge Japón 0-0: Ball
1-0: Ball
2-0: Ball
3-0: Called Strike
3-1: Foul Ball, location: 2F
3-2: SOLO HOME RUN (Flyball, 9D, EV 103.1 MPH), Distance : 354 ft
Batting: RHB Dean Bush 0-0: Called Strike
0-1: Ball
1-1: Ground out 5-3 (Groundball, 56, EV 99.4 MPH)
Top of the 2nd over - 1 run, 1 hit, 0 errors, 0 left on base; Ellenburg 1 - Milton 0
BOTTOM OF THE 2ND
Milton Dogfish Head batting - Pitching for Ellenburg Fighting Dachsunds : RHP Lester Roadley
Batting: RHB Anthony Hollis 0-0: Ball
1-0: Called Strike
1-1: Foul Ball, location: 2F
1-2: Strikes out looking
Batting: LHB John Mayer 0-0: Ball
1-0: Ball
2-0: Ground out 4-3 (Groundball, 4, EV 82.5 MPH)
Batting: RHB Tae-wan Park 0-0: Ball
1-0: Foul Ball, location: 2F
1-1: Ball
2-1: Foul Ball, location: 2F
2-2: Foul Ball, location: 2F
2-2: Fly out, F7 (Flyball, 7D, EV 95.0 MPH)
Bottom of the 2nd over - 0 runs, 0 hits, 0 errors, 0 left on base; Ellenburg 1 - Milton 0
TOP OF THE 3RD
Ellenburg Fighting Dachsunds batting - Pitching for Milton Dogfish Head : RHP Javier Guillén
Batting: RHB Álex Maroto 0-0: Ball
1-0: Ball
2-0: Ball
3-0: Called Strike
3-1: Base on Balls
Batting: LHB Bill O'Halloran 0-0: Called Strike
0-1: Foul Ball, location: 2F
0-2: Ball
1-2: Grounds into double play, 4-6-3 (Groundball, 34, EV 101.9 MPH)
Batting: RHB Sze Qi 0-0: SINGLE (Groundball, 6MD, EV 98.1 MPH)
Batting: LHB Snow Wang 0-0: Ball
1-0: Called Strike
1-1: Ball
2-1: DOUBLE (Groundball, 3L, EV 105.6 MPH)
Sze Qi to third
Runner from 3rd tries for Home, SAFE, throw by RF to trailing runner, SAFE at third!
Batting: RHB Emílio Agramónte 0-0: Swinging Strike
0-1: Ball
1-1: Ball
2-1: Ball
3-1: Foul Ball, location: 2F
3-2: Base on Balls
Batting: RHB Jesse Garrett 0-0: Called Strike
0-1: Fly out, F6 (Line Drive, 6, EV 67.5 MPH)
Top of the 3rd over - 1 run, 2 hits, 0 errors, 2 left on base; Ellenburg 2 - Milton 0
BOTTOM OF THE 3RD
Milton Dogfish Head batting - Pitching for Ellenburg Fighting Dachsunds : RHP Lester Roadley
Batting: LHB Seika Hagiwara 0-0: Ball
1-0: Swinging Strike
1-1: Called Strike
1-2: Ball
2-2: Ball
3-2: Foul Ball, location: 2F
3-2: Base on Balls
Batting: RHB William Penn 0-0: Fly out, F6 (Line Drive, 6, EV 76.9 MPH)
Batting: RHB Arnie Taylor 0-0: Called Strike
0-1: Ball
1-1: Ball
2-1: Foul Ball, location: 2F
2-2: Ball
3-2: Fly out, F9 (Flyball, 9LM, EV 101.9 MPH)
Batting: RHB Colton Pennington 0-0: Ball
1-0: Ball
2-0: Fly out, F7 (Line Drive, 7, EV 92.5 MPH)
Bottom of the 3rd over - 0 runs, 0 hits, 0 errors, 1 left on base; Ellenburg 2 - Milton 0
TOP OF THE 4TH
Ellenburg Fighting Dachsunds batting - Pitching for Milton Dogfish Head : RHP Javier Guillén
Batting: LHB Chet Clifton 0-0: Fly out, F8 (Flyball, 78S, EV 89.4 MPH)
Batting: RHB Jorge Japón 0-0: Ball
1-0: Swinging Strike
1-1: Ground out 6-3 (Groundball, 6, EV 85.6 MPH)
Batting: RHB Dean Bush 0-0: Called Strike
0-1: Ball
1-1: Swinging Strike
1-2: Fly out, F7 (Flyball, 7D, EV 93.8 MPH)
Top of the 4th over - 0 runs, 0 hits, 0 errors, 0 left on base; Ellenburg 2 - Milton 0
BOTTOM OF THE 4TH
Milton Dogfish Head batting - Pitching for Ellenburg Fighting Dachsunds : RHP Lester Roadley
Batting: LHB Roderick Bonden 0-0: Fly out, F9 (Flyball, 89M, EV 86.9 MPH)
Batting: RHB Bobby Norris 0-0: Ground out 4-3 (Groundball, 4, EV 86.2 MPH)
Batting: RHB Anthony Hollis 0-0: Ball
1-0: Called Strike
1-1: Ball
2-1: Foul Ball, location: 2F
2-2: Strikes out looking
Bottom of the 4th over - 0 runs, 0 hits, 0 errors, 0 left on base; Ellenburg 2 - Milton 0
TOP OF THE 5TH
Ellenburg Fighting Dachsunds batting - Pitching for Milton Dogfish Head : RHP Javier Guillén
Batting: RHB Álex Maroto 0-0: Foul Ball, location: 2F
0-1: Swinging Strike
0-2: Ball
1-2: Fly out, F9 (Flyball, 9S, EV 82.5 MPH)
Batting: LHB Bill O'Halloran 0-0: Called Strike
0-1: Ball
1-1: Called Strike
1-2: Strikes out swinging
Batting: RHB Sze Qi 0-0: Called Strike
0-1: Ball
1-1: Ball
2-1: Called Strike
2-2: Foul Ball, location: 2F
2-2: Ground out 5-3 (Groundball, 56, EV 103.1 MPH)
Top of the 5th over - 0 runs, 0 hits, 0 errors, 0 left on base; Ellenburg 2 - Milton 0
BOTTOM OF THE 5TH
Milton Dogfish Head batting - Pitching for Ellenburg Fighting Dachsunds : RHP Lester Roadley
Batting: LHB John Mayer 0-0: Ball
1-0: Swinging Strike
1-1: Swinging Strike
1-2: Ball
2-2: Foul Ball, location: 2F
2-2: Ball
3-2: Ground out 1-3 (Groundball, 13, EV 70.6 MPH)
Batting: RHB Tae-wan Park 0-0: Called Strike
0-1: Ball
1-1: Foul Ball, location: 2F
1-2: Strikes out swinging
Batting: LHB Seika Hagiwara 0-0: Ball
1-0: Swinging Strike
1-1: Ball
2-1: Foul Ball, location: 2F
2-2: Ball
3-2: Base on Balls
Batting: RHB William Penn 0-0: Called Strike
0-1: Foul Ball, location: 2F
0-2: Ball
1-2: Ball
2-2: Ball
3-2: Strikes out swinging
Bottom of the 5th over - 0 runs, 0 hits, 0 errors, 1 left on base; Ellenburg 2 - Milton 0
TOP OF THE 6TH
Ellenburg Fighting Dachsunds batting - Pitching for Milton Dogfish Head : RHP Javier Guillén
Batting: LHB Snow Wang 0-0: Ball
1-0: Foul Ball, location: 2F
1-1: Ball
2-1: Ball
3-1: SINGLE (Groundball, 25, EV 64.4 MPH) (infield hit)
Batting: RHB Emílio Agramónte 0-0: Called Strike
0-1: Called Strike
0-2: Grounds into double play, 5-4-3 (Groundball, 56, EV 85.6 MPH)
Batting: RHB Jesse Garrett 0-0: Ball
1-0: Foul Ball, location: 2F
1-1: Swinging Strike
1-2: Ground out 1-3 (Groundball, 13S, EV 67.5 MPH)
Top of the 6th over - 0 runs, 1 hit, 0 errors, 0 left on base; Ellenburg 2 - Milton 0
BOTTOM OF THE 6TH
Milton Dogfish Head batting - Pitching for Ellenburg Fighting Dachsunds : RHP Lester Roadley
Batting: RHB Arnie Taylor 0-0: Ball
1-0: Fly out, F7 (Flyball, 78M, EV 84.4 MPH)
Batting: RHB Colton Pennington 0-0: Foul Ball, location: 2F
0-1: Ball
1-1: Called Strike
1-2: Ball
2-2: Ground out 6-3 (Groundball, 6, EV 102.5 MPH)
Batting: LHB Roderick Bonden 0-0: Called Strike
0-1: SINGLE (Flyball, 9LS, EV 91.2 MPH)
Batting: RHB Bobby Norris 0-0: Called Strike
0-1: Ball
1-1: Ball
Roderick Bonden is caught stealing 2nd base 2-4
Bottom of the 6th over - 0 runs, 1 hit, 0 errors, 0 left on base; Ellenburg 2 - Milton 0
TOP OF THE 7TH
Ellenburg Fighting Dachsunds batting - Pitching for Milton Dogfish Head : RHP Javier Guillén
Pitching: RHP Jeffery Johnston
Batting: LHB Chet Clifton 0-0: Ball
1-0: Ball
2-0: Ground out U3 (Groundball, 34, EV 77.5 MPH)
Batting: RHB Jorge Japón 0-0: Ball
1-0: Called Strike
1-1: Ball
2-1: Swinging Strike
2-2: Foul Ball, location: 2F
2-2: Ball
3-2: Foul Ball, location: 2F
3-2: Base on Balls
Batting: RHB Dean Bush 0-0: Called Strike
0-1: Ball
1-1: Fly out, F8 (Line Drive, 8LM, EV 96.9 MPH)
Batting: RHB Álex Maroto 0-0: Ball
1-0: Called Strike
1-1: SINGLE (Line Drive, 3D, EV 98.8 MPH)
Jorge Japón to second
Runner from 2nd tries for 3rd, SAFE, throw by RF made to third
Batting: LHB Bill O'Halloran 0-0: Foul Ball, location: 2F
0-1: Ball
1-1: Foul Ball, location: 2F
1-2: Ground out 4-3 (Groundball, 4, EV 107.5 MPH)
Top of the 7th over - 0 runs, 1 hit, 0 errors, 2 left on base; Ellenburg 2 - Milton 0
BOTTOM OF THE 7TH
Milton Dogfish Head batting - Pitching for Ellenburg Fighting Dachsunds : RHP Lester Roadley
Now in LF: Larry Moore
Batting: RHB Bobby Norris 0-0: Fly out, F8 (Flyball, 8RD, EV 105.6 MPH)
Batting: RHB Anthony Hollis 0-0: Ball
1-0: Foul Ball, location: 2F
1-1: Called Strike
1-2: Strikes out looking
Batting: LHB John Mayer 0-0: Called Strike
0-1: Foul Ball, location: 2F
0-2: Ball
1-2: Foul Ball, location: 2F
1-2: Ball
2-2: Ball
3-2: Foul Ball, location: 2F
3-2: Strikes out swinging
Bottom of the 7th over - 0 runs, 0 hits, 0 errors, 0 left on base; Ellenburg 2 - Milton 0
TOP OF THE 8TH
Ellenburg Fighting Dachsunds batting - Pitching for Milton Dogfish Head : RHP Jeffery Johnston
Batting: RHB Sze Qi 0-0: Ball
1-0: Foul Ball, location: 2F
1-1: Ball
2-1: Swinging Strike
2-2: Strikes out swinging
Batting: LHB Snow Wang 0-0: Ground out U3 (Groundball, 3, EV 100.6 MPH)
Batting: RHB Emílio Agramónte 0-0: Ball
1-0: SOLO HOME RUN (Flyball, 78XD, EV 101.9 MPH), Distance : 434 ft
Batting: RHB Jesse Garrett 0-0: Called Strike
0-1: Swinging Strike
0-2: Strikes out swinging
Top of the 8th over - 1 run, 1 hit, 0 errors, 0 left on base; Ellenburg 3 - Milton 0
BOTTOM OF THE 8TH
Milton Dogfish Head batting - Pitching for Ellenburg Fighting Dachsunds : RHP Lester Roadley
Pitching: RHP Adam Durango
Now at 3B: Alexander Conley
Batting: RHB Tae-wan Park 0-0: Ball
1-0: Ball
2-0: Called Strike
2-1: DOUBLE (Line Drive, 89D, EV 113.1 MPH)
Batting: LHB Seika Hagiwara 0-0: Called Strike
0-1: Ball
1-1: Swinging Strike
1-2: Strikes out swinging
Batting: RHB William Penn 0-0: Ball
1-0: Foul Ball, location: 2F
1-1: Foul Ball, location: 2F
1-2: Strikes out swinging
Batting: RHB Arnie Taylor 0-0: Fly out, F8 (Line Drive, 8RM, EV 90.0 MPH)
Bottom of the 8th over - 0 runs, 1 hit, 0 errors, 1 left on base; Ellenburg 3 - Milton 0
TOP OF THE 9TH
Ellenburg Fighting Dachsunds batting - Pitching for Milton Dogfish Head : RHP Jeffery Johnston
Pitching: RHP Sergio Tacuri
Batting: LHB Larry Moore 0-0: Ball
1-0: Called Strike
1-1: Ball
2-1: Ball
3-1: Ground out 6-3 (Groundball, 6, EV 93.8 MPH)
Batting: RHB Jorge Japón 0-0: Swinging Strike
0-1: Swinging Strike
0-2: Strikes out swinging
Batting: RHB Dean Bush 0-0: Called Strike
0-1: Ball
1-1: Foul Ball, location: 2F
1-2: Foul Ball, location: 2F
1-2: Strikes out swinging
Top of the 9th over - 0 runs, 0 hits, 0 errors, 0 left on base; Ellenburg 3 - Milton 0
BOTTOM OF THE 9TH
Milton Dogfish Head batting - Pitching for Ellenburg Fighting Dachsunds : RHP Adam Durango
Pitching: RHP Tim Sandaele
Batting: RHB Colton Pennington 0-0: Called Strike
0-1: SINGLE (Line Drive, 8LS, EV 104.4 MPH)
Batting: LHB Roderick Bonden 0-0: Called Strike
0-1: Swinging Strike
0-2: Ball
1-2: Strikes out swinging
Batting: RHB Bobby Norris 0-0: Called Strike
0-1: Called Strike
0-2: Foul Ball, location: 2F
0-2: Ball
1-2: Ball
2-2: Ball
3-2: Base on Balls
Colton Pennington to second
Pinch Hitting: LHB King Rutledge 0-0: Foul Ball, location: 2F
0-1: SINGLE (Flyball, 78S, EV 91.9 MPH)
Colton Pennington to third
Bobby Norris to second
Batting: LHB John Mayer 0-0: Ball
1-0: Foul Ball, location: 2F
1-1: Called Strike
1-2: Foul Ball, location: 2F
1-2: Strikes out swinging
Batting: RHB Tae-wan Park 0-0: Called Strike
0-1: Called Strike
0-2: Ball
1-2: Strikes out looking
Bottom of the 9th over - 0 runs, 2 hits, 0 errors, 3 left on base; Ellenburg 3 - Milton 0
Tuesday, January 5th, 2021 - OOTP Baseball 20.8 Build 74